[Event "MCCT Chessable Masters 2022"]
[Site "Online"]
[Date "2022.05.16"]
[Round "4.7"]
[White "Tari, Aryan"]
[Black "Harikrishna, Pentala"]
[Result "0-1"]
[ECO "C45"]
[WhiteElo "2654"]
[BlackElo "2705"]
[Annotator "TA"]
[PlyCount "84"]
[EventDate "2022.05.19"]
[EventType "tourn"]
[EventCountry "NET"]
[SourceTitle "playchess.com"]
[Source "ChessBase"]
[SourceQuality "1"]
[TimeControl "900+10"]

1. e4 e5 2. Nf3 Nc6 3. d4 exd4 4. Nxd4 Nf6 5. Nxc6 bxc6 6. e5 Qe7 7. Qe2 Nd5 8. h4 Qe6 {[%emt 0:00:02] C45: Scotch Game.} 9. Nd2 {[%emt 0:00:13][%cal Bb1d2,Bd2f3,Bf3d4][%mdl 32] The main line 9.Nd2 scores better than 9.g3.} d6 10. exd6 cxd6 {[%emt 0:00:12] [#] The position is equal.} 11. Nf3 $146 ({Predecessor:} 11. Ne4 Be7 12. Bg5 O-O 13. O-O-O f6 14. Bd2 Rb8 15. c4 Nb6 16. Bf4 Rd8 17. Nxd6 Qxe2 18. Bxe2 {1-0 (30) Ibarra Jerez,J (2538)-Nasuta,G (2540) Chess.com INT 2019}) 11... Be7 12. Nd4 Qxe2+ 13. Bxe2 Bd7 14. Bg5 h6 15. Bxe7 Nxe7 16. O-O-O O-O-O 17. Bf3 Kc7 18. h5 Rhe8 19. Rd3 a5 20. Rhd1 (20. Ra3 {with more complications.} Kb6 21. Rh4 d5 22. Rf4) 20... d5 21. Ra3 Ra8 ({Don't do} 21... c5 22. Nb3 $14) 22. c4 dxc4 23. Rc3 Nf5 24. Nxf5 Bxf5 25. Rxc4 Ra6 26. b3 Re5 27. Kb2 Be6 28. Ra4 Rb6 29. Rc1 Kd6 30. Rc2 Kc7 31. Ka3 Reb5 32. Rc3 (32. Rd4 {feels hotter.} Re5 33. Ka4 Bf5 34. Re2) 32... Re5 33. Rd4 c5 34. Ra4 c4 35. Bg4 f5 36. f4 Rc5 37. Be2 Kd6 38. Bxc4 {[%emt 0:00:12] Black must now prevent Rd3+.} Bd7 39. b4 $2 (39. Rg3 $11) 39... axb4+ $19 {[%emt 0:00:14][%mdl 64] [#] Deflection. Black is clearly winning.} 40. Rxb4 Ra5+ 41. Kb3 Ba4+ $1 42. Ka3 Bd1+ {[%emt 0:00:08][%mdl 64] Discovered Attack.  Weighted Error Value: White=0.27 (precise) /Black=0.05 (flawless)} 0-1

[Event "MCCT Chessable Masters 2022"]
[Site "Online"]
[Date "2022.05.16"]
[Round "4.8"]
[White "Grandelius, Nils"]
[Black "Praggnanandhaa R"]
[Result "1/2-1/2"]
[ECO "B22"]
[WhiteElo "2635"]
[BlackElo "2642"]
[Annotator "TA"]
[PlyCount "87"]
[EventDate "2022.05.19"]
[EventType "tourn"]
[EventCountry "NET"]
[SourceTitle "playchess.com"]
[Source "ChessBase"]
[SourceQuality "1"]
[TimeControl "900+10"]

1. e4 c5 2. c3 d5 3. exd5 Qxd5 4. d4 Nf6 5. Nf3 Nc6 6. Na3 e6 7. Nb5 Qd8 8. dxc5 Bxc5 9. Qxd8+ Kxd8 10. Bf4 {[%emt 0:03:30] The position is equal.} a6 {[%emt 0:02:02] B22: Sicilian: 2 c3.} 11. Nd6 Ke7 {[%emt 0:00:04] [#]} 12. Nxc8+ $146 ({Predecessor:} 12. Nc4 b5 13. Be3 Bxe3 14. Nxe3 Rd8 15. Be2 Bb7 16. O-O Rac8 17. Rfd1 Rxd1+ 18. Rxd1 {1-0 (45) Maze,S (2571)-Fedorchuk,S (2650) Nice 2011}) 12... Raxc8 13. Bd3 {[%emt 0:00:02] Inhibits Ne4.} Rhd8 14. Rd1 h6 15. Ke2 Rd5 16. Bc2 Rcd8 17. Rxd5 Rxd5 18. Rd1 (18. Bd2 {with more complications.} b5 19. Rd1 Ne5 20. Nxe5 Rxe5+ 21. Kf3) 18... Rxd1 19. Bxd1 Ne4 20. Bg3 f5 21. Bc2 Nxg3+ 22. hxg3 $11 {[%emt 0:00:00][%mdl 4096] Endgame KBN-KBN} g5 23. b4 Bd6 24. a3 a5 25. Ba4 Ne5 26. Nxe5 Bxe5 {[%emt 0:00:00] KB-KB} 27. Kd3 g4 28. Bb5 b6 29. Bc4 Kd6 30. Bb5 Bf6 31. Ba6 Bg5 32. bxa5 bxa5 33. a4 Bc1 34. Bb5 Ba3 35. Bc4 Bc5 36. Ke2 Ke5 37. Bb3 Kf6 38. Bc4 e5 39. Ba6 Bb6 40. Bc8 $1 Bc5 41. Bd7 Bb6 42. Bc8 Bc5 43. Bd7 Bb6 44. Bc8 {[%emt 0:00:01] An interesting draw.  Weighted Error Value: White=0.03 (flawless) /Black=0.06 (flawless)} 1/2-1/2

[Event "MCCT Chessable Masters 2022"]
[Site "Online"]
[Date "2022.05.16"]
[Round "5.1"]
[White "Praggnanandhaa R"]
[Black "Carlsen, Magnus"]
[Result "1-0"]
[ECO "C77"]
[WhiteElo "2642"]
[BlackElo "2864"]
[Annotator "TA"]
[PlyCount "81"]
[EventDate "2022.05.19"]
[EventType "tourn"]
[EventCountry "NET"]
[SourceTitle "playchess.com"]
[Source "ChessBase"]
[SourceQuality "1"]
[TimeControl "900+10"]

1. e4 e5 2. Nf3 Nc6 3. Bb5 a6 4. Ba4 Nf6 5. d3 Bc5 6. c3 b5 7. Bb3 d6 8. Bg5 {[%emt 0:00:16][%cal Bc1g5,Bg5h4,Bh4g3][%mdl 32] C77: Ruy Lopez: 3...a6 4 Ba4 Nf6, unusual lines.} h6 9. Bh4 Bb6 10. a4 {[%emt 0:00:13] The position is equal.} Rb8 11. axb5 axb5 12. Na3 g5 13. Bg3 {[%emt 0:00:04] [#]} Na5 $146 ({Predecessor:} 13... Bc5 14. Nc2 Bb6 15. Qe2 Qe7 16. Nd2 Bg4 17. f3 Be6 18. Bf2 Bxb3 19. Nxb3 Qe6 {1-0 (74) Terao,R (2317)-Dos Santos,H (2205) Curitiba 2010}) 14. Bc2 (14. Nxb5 Nxb3 15. Qxb3 g4 $17) 14... b4 15. cxb4 Nc6 16. Ba4 Bd7 17. Nc4 (17. Nc2 $16) 17... Nxb4 $11 18. Bxd7+ Nxd7 19. O-O O-O 20. Nxb6 Rxb6 ({But not} 20... Nxb6 21. d4 $16) 21. d4 {[%emt 0:00:01][%cal Rd4e5] Inhibits Nc5.} Nc6 22. Rc1 Nxd4 23. Nxd4 exd4 24. Qxd4 Nc5 25. Rcd1 Ne6 26. Qc3 f6 (26... Qa8 $11) 27. f4 $14 Qe7 28. b4 Rbb8 29. f5 Nd8 30. Rd4 Nf7 31. Rc4 Rb7 32. Rc1 Rfb8 33. h4 gxh4 34. Bxh4 Ne5 35. Rxc7 Rxc7 36. Qxc7 Qxc7 37. Rxc7 Rxb4 $11 {[%emt 0:00:01] KRB-KRN} 38. Re7 ({Not} 38. Bxf6 $2 Rb1+ 39. Kf2 Ng4+ 40. Kf3 Nxf6 $19) 38... d5 39. Kf1 ({Of course not} 39. Bxf6 Rb1+ 40. Kf2 Ng4+ 41. Ke2 Nxf6 $19) 39... dxe4 40. Bxf6 Ng4 {[%emt 0:00:10][%mdl 8192] [#]} (40... Nd3 $11) 41. Rg7+ {[%emt 0:00:06] Weighted Error Value: White=0.08 (flawless) /Black=0.31} 1-0

[Event "MCCT Chessable Masters 2022"]
[Site "Online"]
[Date "2022.05.16"]
[Round "5.2"]
[White "Harikrishna, Pentala"]
[Black "Grandelius, Nils"]
[Result "1/2-1/2"]
[ECO "D00"]
[WhiteElo "2705"]
[BlackElo "2635"]
[Annotator "TA"]
[PlyCount "117"]
[EventDate "2022.05.19"]
[EventType "tourn"]
[EventCountry "NET"]
[SourceTitle "playchess.com"]
[Source "ChessBase"]
[SourceQuality "1"]
[TimeControl "900+10"]

1. d4 Nf6 2. Nf3 g6 3. Nc3 d5 4. Bf4 Bg7 5. e3 O-O 6. Nb5 {[%emt 0:00:09] D00: 1 d4 d5: Unusual lines.} Na6 7. h3 Ne4 8. Nd2 c6 9. Nxe4 dxe4 10. Nc3 c5 {[%emt 0:00:04][%cal Rc5d4] [#]} 11. Nxe4 $146 ({Predecessor:} 11. d5 Qb6 12. Rb1 Rd8 13. Nxe4 Qa5+ 14. Nd2 Rxd5 15. e4 Rd8 16. Bc4 e6 17. Bg5 {0-1 (37) Almeida Quintana,O (2539)-Espinosa Veloz,E (2486) Villa Clara 2020}) 11... cxd4 12. exd4 Nb4 (12... Qd5 $11 13. Nc3 Qf5) 13. Be3 {[%emt 0:05:45] [#]} (13. c3 $14 Bf5 14. f3 (14. cxb4 Bxe4 15. Be3 e5 $17)) 13... Bxd4 $1 $15 14. a3 ({Much weaker is} 14. Bxd4 Qxd4 $1 15. f3 Be6 $1 16. Qxd4 Nxc2+ 17. Kf2 Nxd4 $17) 14... Bxe3 15. axb4 Bh6 16. Bd3 Qb6 17. c3 Bf5 18. Nc5 (18. O-O $11 {keeps the balance.}) 18... Rfd8 $17 {[%emt 0:00:45] White must now prevent ...Bxd3.} 19. Qe2 Bxd3 20. Nxd3 Qb5 21. Rd1 a5 {[%emt 0:01:23] ...Rd6 is the strong threat.} 22. O-O axb4 23. Qe4 bxc3 24. bxc3 Rac8 25. Ne5 Bg7 26. Nf3 Bxc3 27. Rxd8+ Rxd8 28. Rb1 Qd5 (28... Qc6 {feels hotter.} 29. Qxe7 Rd7 30. Qe8+ Kg7) 29. Qxd5 Rxd5 30. Rxb7 {[%emt 0:00:00][%mdl 4096] Endgame KRB-KRN} e6 31. g4 h6 32. Kg2 Kg7 33. Rc7 Bf6 34. Rc2 Ra5 35. Nd2 Bg5 36. Ne4 Bf4 37. Rb2 g5 38. Rb7 Kg6 39. Rb2 Ra4 40. Kf3 Ra1 41. Kg2 {[%emt 0:00:16] Prevents Rh1.} Re1 42. Nc5 Rd1 43. Ne4 Rd4 44. Kf3 h5 45. Ra2 Rd3+ 46. Kg2 Rd4 47. Kf3 Rb4 48. Ra8 Rb3+ 49. Kg2 hxg4 (49... h4 $142 50. Rg8+ Kh6) 50. hxg4 Kg7 51. Ra5 {[%emt 0:00:07] [#]} Rb4 $1 52. Kf3 Rb3+ (52... Kg6 $17 53. Ra8 Rb8) 53. Kg2 $1 $11 Rb4 (53... Rb2 $11) 54. Kf3 $1 $17 Kg6 55. Ra8 Bb8 56. Ra5 Rb3+ ({Black should try} 56... f6 $15) 57. Kg2 $1 $11 Bf4 (57... f5 $11 58. Nc5 Rb2) 58. Ra8 $1 $17 Kg7 {[%emt 0:00:12] Inhibits Rg8+.} ({Better is} 58... Rb2 $17 59. Ra5 Rb3) 59. Ra5 {[%emt 0:00:01] Weighted Error Value: White=0.09 (flawless) /Black=0.17 (very precise)} 1/2-1/2

[Event "MCCT Chessable Masters 2022"]
[Site "Online"]
[Date "2022.05.16"]
[Round "5.3"]
[White "Jones, Gawain C B"]
[Black "Tari, Aryan"]
[Result "1/2-1/2"]
[ECO "B12"]
[WhiteElo "2669"]
[BlackElo "2654"]
[Annotator "TA"]
[PlyCount "114"]
[EventDate "2022.05.19"]
[EventType "tourn"]
[EventCountry "NET"]
[SourceTitle "playchess.com"]
[Source "ChessBase"]
[SourceQuality "1"]
[TimeControl "900+10"]

1. e4 c6 2. d4 d5 3. e5 Bf5 4. g4 Be4 5. f3 Bg6 6. e6 {[%emt 0:00:04] B12: Caro-Kann: Advance Variation.} Qd6 7. exf7+ $1 Bxf7 8. Nc3 $1 {[%emt 0:00:02][%mdl 4] outshines the older 8.f4.} Nd7 9. f4 {[%emt 0:00:16] Inhibits e5.} g5 {[%emt 0:00:48] [#]} 10. Nh3 $146 ({Predecessor:} 10. fxg5 O-O-O 11. Be3 Bg7 12. Qd2 e5 13. O-O-O Ne7 14. Nf3 Rhf8 15. Bh3 Ng6 16. Rhf1 {0-1 (71) Nihal,S (2620)-Abdusattorov,N (2634) chess24.com INT 2021}) 10... gxf4 11. Bxf4 e5 $1 12. dxe5 Nxe5 13. Qe2 Bg7 14. Bg2 (14. O-O-O $11 Ne7 15. Ne4 (15. Re1 N7g6 $17)) 14... Ne7 $17 15. O-O-O O-O 16. Ne4 Qb4 ({Black should play} 16... Qc7 $1 $17 17. Ng3 N7g6) 17. Nf6+ Bxf6 18. Bxe5 Bxe5 19. Qxe5 Ng6 (19... Qxg4 $2 20. Qxe7 Bg6 21. Rd2 $18) 20. Qg3 Be6 21. Bf3 {[%emt 0:00:27] [#]} (21. Rhg1 $11 {remains equal.}) 21... Rxf3 $1 22. Qxf3 {[%emt 0:00:02] Rhg1 is the strong threat.} Bxg4 23. Qe3 {[%emt 0:00:22] Hoping for Rdf1.} Bxd1 24. Qe6+ Kg7 25. Rxd1 Qe7 $36 {[%emt 0:00:28][%mdl 2048] Black is really pushing.} 26. Qg4 Kg8 (26... Qe3+ $17 27. Kb1 Re8) 27. Ng5 Rf8 28. h4 (28. Kb1 $15) 28... Rf4 29. Qc8+ Nf8 30. Kb1 (30. Nf3 $17) 30... Qe2 $19 (30... Rxh4 31. Ne6 Qxe6 32. Rg1+ Kf7 33. Rf1+ Kg7 34. Rg1+ Kf7 35. Rf1+ Kg7 36. Rg1+ Kf7 $11) 31. Rc1 Rf1 {[%emt 0:00:17] ( -> ...Rxc1+)} 32. b3 Rxc1+ 33. Kxc1 h6 34. Qxb7 {[%emt 0:02:04] Threatening mate with Qf7+.} hxg5 35. hxg5 {[%emt 0:00:01][%mdl 4096] Endgame} Qe3+ 36. Kb1 Qb6 ({Stronger than} 36... Qxg5 37. Qxa7 Qe5 38. a4 $17) 37. Qe7 Qg1+ 38. Kb2 Qd4+ 39. Kb1 a5 40. a4 Qd1+ 41. Kb2 Qd4+ (41... Qg4 $142 42. Qc5 Qxg5 43. Qxa5 Qg7+ 44. Qc3 Ne6) 42. Kb1 $1 $17 Qc3 43. Qc7 {[%emt 0:00:40] [#]} c5 ({Better is} 43... Qc5 $1 $17 {aiming for ...d4.} 44. Qe5 Qa7) 44. Qd6 $15 Qd4 45. Qb6 Qc3 ({Black should try} 45... Qg1+ $15 46. Kb2 Qxg5 47. Qxc5 Qd8) 46. Qd6 $1 $11 Qd4 (46... Qe1+ $11 47. Kb2 Kf7) 47. Qb6 $1 $17 Qd1+ (47... Qg1+ $17 48. Kb2 Qxg5 49. Qxc5 Qd8) 48. Kb2 $11 {[%emt 0:00:01] The position is equal.} c4 49. bxc4 dxc4 {[%emt 0:00:09] next ...Qd5 is good for Black.} 50. Qxa5 Qd4+ 51. Qc3 Qd5 52. Qf6 Qa5 53. g6 Qb4+ 54. Kc1 {[%emt 0:00:02] White wants to mate with Qf7+.} Qe1+ 55. Kb2 {[%emt 0:00:01] Intending Qf7+ and mate. Dancing on a razor blade.} Qb4+ 56. Kc1 {[%emt 0:00:01] White threatens Qf7+ and mate.} Qe1+ 57. Kb2 {[%emt 0:00:01] Qf7+ would kill now.} Qb4+ {[%emt 0:00:00] White happily takes the draw.  Weighted Error Value: White=0.14 (very precise) /Black=0.14 (very precise)} 1/2-1/2

[Event "MCCT Chessable Masters 2022"]
[Site "Online"]
[Date "2022.05.16"]
[Round "5.4"]
[White "Anton Guijarro, David"]
[Black "Giri, Anish"]
[Result "1/2-1/2"]
[ECO "B50"]
[WhiteElo "2691"]
[BlackElo "2761"]
[Annotator "TA"]
[PlyCount "82"]
[EventDate "2022.05.19"]
[EventType "tourn"]
[EventCountry "NET"]
[SourceTitle "playchess.com"]
[Source "ChessBase"]
[SourceQuality "1"]
[TimeControl "900+10"]

1. e4 c5 2. Nf3 d6 3. c3 Nf6 4. Be2 g6 5. O-O Bg7 6. Bb5+ Bd7 7. Bxd7+ Nbxd7 ({Don't play} 7... Kxd7 8. Qb3 $16) 8. Qe2 {[%emt 0:00:27] B50: Sicilian: 2...d6, Miscellaneous.} O-O 9. d4 cxd4 10. cxd4 {[%emt 0:00:03] White has an edge.} Nb6 11. Nc3 Rc8 12. Rd1 {[%emt 0:00:31] [#]} Qc7 $146 ({Predecessor:} 12... h6 13. h3 Qc7 14. Bf4 Qc4 15. Rd3 Nfd7 16. Qd2 Kh7 17. Be3 f5 18. e5 f4 19. Bxf4 Rxf4 20. Qxf4 Qxd3 21. exd6 {0-1 (46) Nassar,M (1889)-Najjar,A (2210) Beirut 2018}) 13. a4 {[%emt 0:01:49][%cal Ba2a4,Ba4a5][%mdl 32] Black must now prevent a5.} Qc4 {[%emt 0:01:35] [#] Strongly threatening ...Qxe2.} 14. Qc2 d5 15. a5 Nbd7 (15... Na8 $5 ) 16. e5 Ne4 17. Ra3 (17. Qb1 $5 ) 17... Rc6 18. Qb1 Rfc8 19. h4 Bf8 20. Rd3 (20. e6 $14 fxe6 21. Bf4) 20... e6 21. Ra1 Bb4 22. Nd2 (22. Bd2 $11) 22... Nxc3 $15 23. bxc3 Qa6 $36 {[%emt 0:00:03][%mdl 2048] White is under pressure.} 24. Bb2 Bxc3 25. Bxc3 Rxc3 26. Rxc3 Rxc3 27. Nf3 Qc6 28. Kh2 ({Better is} 28. Qd1 $15) 28... h6 29. Qb4 Rc2 30. Kg3 (30. Ra3 $142) 30... Qa6 (30... Qc4 $142 31. Qxc4 dxc4) 31. Re1 $17 Nf8 32. Qb3 Rc7 33. Qe3 Kh7 34. Qd2 Qc4 35. Qf4 Qc2 36. Qf6 Rd7 ({Black should play} 36... Kg8 $17) 37. Re3 (37. Qf4 $1 $11 {remains equal.}) 37... Kg8 38. Qf4 Kg7 ({Black should try} 38... h5 $17) 39. Qf6+ $11 Kg8 (39... Kh7 $15) 40. Qf4 $1 $17 Kg7 (40... h5 $17) 41. Qf6+ $1 $11 Kg8 {[%emt 0:00:01] Weighted Error Value: White=0.18 (very precise) /Black=0.19 (very precise)} 1/2-1/2

[Event "MCCT Chessable Masters 2022"]
[Site "Online"]
[Date "2022.05.16"]
[Round "5.5"]
[White "Ding, Liren"]
[Black "Wei, Yi"]
[Result "1/2-1/2"]
[ECO "E05"]
[WhiteElo "2806"]
[BlackElo "2727"]
[Annotator "TA"]
[PlyCount "67"]
[EventDate "2022.05.19"]
[EventType "tourn"]
[EventCountry "NET"]
[SourceTitle "playchess.com"]
[Source "ChessBase"]
[SourceQuality "1"]
[TimeControl "900+10"]

1. c4 Nf6 2. Nf3 e6 3. g3 d5 4. Bg2 Be7 5. O-O O-O 6. d4 dxc4 7. Qc2 a6 8. a4 Bd7 9. Qxc4 Bc6 10. Bf4 Bd6 {[%emt 0:00:01] The position is equal. E05: Open Catalan: 5 Nf3 Be7.} 11. Qc1 a5 12. Bd2 Qe7 (12... Nbd7 13. Nc3 Ne4 14. Rd1 Ndf6 15. Qc2 Nxd2 16. Nxd2 Bxg2 17. Kxg2 Bb4 18. Nc4 c5 19. dxc5 Qc7 20. Ne4 Nxe4 21. Qxe4 Bxc5 22. Rd3 Rad8 23. Rad1 Rxd3 24. Rxd3 {½-½ (41) Ding,L (2799)-Wei,Y (2729) Hangzhou 2022}) 13. Nc3 Na6 14. Qb1 Bb4 15. Re1 (15. Bg5 {is more complex.} h6 16. Bxf6 Qxf6 17. Ne5) 15... Bxf3 16. Bxf3 Rad8 {[%emt 0:00:02] [#]} 17. Qc2 $146 ({Predecessor:} 17. Bxb7 Nc5 18. dxc5 Rxd2 19. Ne4 Nxe4 20. Bxe4 Qf6 21. Bxh7+ Kh8 22. Bd3 Rxb2 23. Qc1 Bxe1 24. Qxe1 {0-1 (50) Fedoseev,V (2676)-Nakamura,H (2736) Chess.com INT 2020}) 17... Rxd4 18. Bxb7 {[%emt 0:00:02] This bishop pair is nice.} Nc5 19. Bf3 Nb3 20. Qxb3 Rxd2 21. Red1 Rfd8 22. Rxd2 Rxd2 23. Rd1 Qd8 {[%emt 0:00:59] [#] aiming for ...Bxc3.} 24. Rxd2 Qxd2 25. e3 g5 26. Ne4 Nxe4 27. Bxe4 $11 {[%emt 0:00:00][%mdl 4096] Endgame KQB-KQB} Kg7 28. Qc2 Qxc2 29. Bxc2 {[%emt 0:00:00] KB-KB} h6 30. b3 Kf6 31. Bd3 Kg7 32. Bc2 Kf6 33. Bd3 Kg7 34. Bc2 {[%emt 0:00:00] An even fight not without its subleties.  Weighted Error Value: White=0.04 (flawless) /Black=0.03 (flawless)} 1/2-1/2

[Event "MCCT Chessable Masters 2022"]
[Site "Online"]
[Date "2022.05.16"]
[Round "5.6"]
[White "Hansen, Eric"]
[Black "Vidit, Santosh Gujrathi"]
[Result "1-0"]
[ECO "C65"]
[WhiteElo "2606"]
[BlackElo "2723"]
[Annotator "TA"]
[PlyCount "117"]
[EventDate "2022.05.19"]
[EventType "tourn"]
[EventCountry "NET"]
[SourceTitle "playchess.com"]
[Source "ChessBase"]
[SourceQuality "1"]
[TimeControl "900+10"]

1. e4 e5 2. Nf3 Nc6 3. Bb5 Nf6 4. d3 Bc5 5. O-O Nd4 6. Nxd4 Bxd4 7. Nd2 {[%emt 0:00:20] C65: Ruy Lopez: Berlin Defence (3...Nf6), unusual lines and 4 0-0 Bc5.} O-O {[%emt 0:00:19] was the old line (7...c6).} 8. Nf3 Bb6 9. h3 {[%emt 0:00:55] The position is equal.} c6 10. Ba4 d6 {[%emt 0:00:13] [#]} 11. Bb3 $146 ({Predecessor:} 11. c3 h6 12. Bc2 Re8 13. Kh1 d5 14. Qe2 dxe4 15. dxe4 Nh5 16. Nh2 Qh4 17. Qf3 {0-1 (81) Kamsky,G (2723)-Kramnik,V (2788) Moscow 2008}) 11... Re8 12. Re1 Be6 13. c3 Bxb3 14. Qxb3 h6 15. a4 Qc7 16. Nh4 d5 17. Qd1 Re6 18. Nf5 Bc5 19. Qf3 Bf8 20. Be3 Kh7 21. b4 g6 22. Ng3 a5 23. Reb1 axb4 24. cxb4 Kg7 25. a5 Qd7 26. Rb3 Kg8 27. Rc1 Bg7 (27... d4 $5 28. Bd2 Ne8 $11) 28. Rcb1 h5 (28... d4 $5 29. Bd2 Qd8 $11) 29. Ne2 Ree8 30. Bc5 Qe6 31. Nc3 dxe4 (31... d4 $11 32. Na4 Nd7) 32. dxe4 $14 Qc4 33. Bb6 {[%emt 0:00:37] Inhibits Rad8.} Nd7 {[%emt 0:00:43] [#]} (33... Re6 $14) 34. Na4 $1 $16 Qb5 35. Rd1 Nxb6 36. Nxb6 Rad8 {[%emt 0:00:00] [#]} 37. Nd7 $1 Qc4 38. Rbd3 {[%emt 0:00:30] White is much more active.} Qxb4 {[%emt 0:01:03] [#] This move loses the game for Black.} (38... h4 $16) 39. Nxe5 $1 $18 {[%emt 0:00:16][%mdl 576] Discovered Attack} Bxe5 40. Rxd8 Rxd8 41. Rxd8+ $16 {[%emt 0:00:01][%mdl 4096] Endgame KQR-KQB} Kg7 42. g3 {[%emt 0:00:25] Strongly threatening Rd7.} Qxa5 43. Rd7 Qa2 44. Rxb7 c5 $2 (44... Bd4 45. e5 Bxe5 46. Qxc6 Bd4) 45. Qb3 $18 Qxb3 46. Rxb3 {[%emt 0:00:00] KR-KB} c4 47. Rb6 c3 48. Rc6 h4 $2 (48... g5 49. Kf1 g4 50. hxg4 hxg4) 49. gxh4 {[%emt 0:00:09] Kg2 is the strong threat.} Kh6 50. Kg2 f6 51. Rc8 f5 52. f3 Bd4 53. Rc4 Bf6 54. Rc6 Kg7 55. h5 fxe4 56. h6+ {[%emt 0:00:01] White mates.} Kf7 57. fxe4 Bd4 58. Kf3 Be5 59. Ke3 {[%emt 0:00:08] Weighted Error Value: White=0.15 (very precise) /Black=0.21 (precise)} 1-0

[Event "MCCT Chessable Masters 2022"]
[Site "Online"]
[Date "2022.05.16"]
[Round "5.7"]
[White "Mamedyarov, Shakhriyar"]
[Black "Shankland, Sam"]
[Result "1-0"]
[ECO "D44"]
[WhiteElo "2770"]
[BlackElo "2718"]
[Annotator "TA"]
[PlyCount "101"]
[EventDate "2022.05.19"]
[EventType "tourn"]
[EventCountry "NET"]
[SourceTitle "playchess.com"]
[Source "ChessBase"]
[SourceQuality "1"]
[TimeControl "900+10"]

1. d4 d5 2. c4 c6 3. Nf3 Nf6 4. Nc3 e6 5. Bg5 dxc4 6. e4 b5 7. e5 h6 8. Bh4 g5 9. Nxg5 hxg5 10. Bxg5 Nbd7 11. exf6 Bb7 12. Be2 Nxf6 {[%emt 0:00:39] D44: Semi-Slav: Botvinnik System.} 13. Bf3 Be7 14. Qe2 Qc7 {[%emt 0:01:40] The position is equal.} 15. g3 O-O-O {[%emt 0:00:25] [#]} 16. Bf4 $146 ({Predecessor:} 16. O-O-O Nd5 17. Bxe7 Nxc3 18. bxc3 Qxe7 19. h4 c5 20. Bxb7+ Kxb7 21. Qe5 Kb6 22. d5 Qd6 23. Rhe1 exd5 24. Qf5 {0-1 (35) Danek,P (2230)-Srvatka,I Slovakia 1999}) 16... Bd6 (16... Qb6 $11) 17. Bg5 Be7 18. Rd1 Nd5 19. Nxd5 exd5 20. Bxe7 Rde8 21. O-O Qxe7 22. Qd2 Qf6 23. Bg4+ Kb8 24. Rfe1 Reg8 25. f3 Bc8 26. Rf1 (26. Re5 $11) 26... Qd6 $36 {[%emt 0:00:31][%mdl 2048] Black is pushing.} 27. Bxc8 Kxc8 28. Rde1 Rh3 29. Re2 Kb7 30. Rfe1 Kb6 31. f4 a5 32. Re8 Rhh8 33. Rxg8 ({Better is} 33. R8e5 $15) 33... Rxg8 $15 {[%emt 0:00:00][%mdl 4096] Endgame KQR-KQR} 34. Kg2 (34. a3 $15 {might be stronger.}) 34... b4 $1 $17 35. Re5 f6 36. Re2 Kb5 (36... Qd7 $1 $17 {Threatens to win with ...Re8.} 37. Qe3 Kb5) 37. f5 $1 $11 Qd7 38. Re6 {[%emt 0:00:06] [#]} Re8 (38... Qg7 $1 $17 ) 39. Qe2 ({Much weaker is} 39. Rxf6 Re4 $11) (39. Qe3 $1 $14 Rh8 40. h4) 39... Rxe6 $2 (39... Rc8 $11 {and Black stays safe.}) 40. fxe6 {[%emt 0:00:00] KQ-KQ} Qe7 {[%emt 0:00:01] [#]} 41. b3 $1 {[%emt 0:00:03] Strongly threatening bxc4+.} a4 $2 (41... c5 42. bxc4+ Kc6 43. h4 $18) (41... Kb6 {keeps fighting.} 42. bxc4 dxc4) 42. h4 axb3 43. axb3 c5 $2 (43... Ka5 44. bxc4 b3 45. cxd5 cxd5) 44. bxc4+ $18 dxc4 45. d5 b3 46. Kh2 {[%emt 0:00:09][%cal Od5d6] d6! would kill now.} Kb4 47. d6 {[%emt 0:00:02] White mates.} Qxd6 48. e7 c3 49. e8=Q c2 50. Q8b5+ Kc3 51. Qe3+ {[%emt 0:00:10] Weighted Error Value: White=0.19 (very precise) /Black=0.57} 1-0